Workbook
Name аааааппппппрррппппппп: #REF!
Name аараооооооооооооо: #REF!
Name автом: #REF!
Name алшрльоплварл: #REF!
Name аолвлддддддддддддддддввввввввв: #REF!
Name апарв: #REF!
Name апрлдджаоырыфрпопрлпрлпрлп: #REF!
Name арлггаджаш: #REF!
Name ароррбллтблпроорапииас: #REF!
Name арррррблллпдрлдддддддддд: #REF!
Name варпаааааааааа: #REF!
Name ввпьььььлднд: #REF!
Name вед: #REF!
Name вертикальная: #REF!
Name вертикплан: #REF!
Name волен: #REF!
Name вп: #REF!
Name впырпфдыпл: #REF!
Name впьглорьтитттттттттт: #REF!
Name всввввввввввввввввввввввввв: #REF!
Name выб: #REF!
Name выпуск: #REF!
Name выьлепвввввпмп: #REF!
Name еваопродолжэрщэрзшщщх: #REF!
Name измен: #REF!
Name итого: #REF!
Name итого_сантех: #REF!
Name итого_стр: #REF!
Name итого_строит: #REF!
Name итого_технол: #REF!
Name итого_электр: #REF!
Name квота: #REF!
Name кккккккккк: #REF!
Name корек: #REF!
Name корект: #REF!
Name корректир: #REF!
Name лен: #REF!
Name лот: #REF!
Name мамиааааааааааааааааааааааааааааа: #REF!
Name ммпоослччччччччччрччапппппппппр: #REF!
Name мрол: #REF!
Name оз: #REF!
Name озелен: #REF!
Name озеленение: #REF!
Name озеленение2: #REF!
Name ОСР: #REF!
Name ОСР110: #REF!
Name ОСР111: #REF!
Name план: #REF!
Name планировка: #REF!
Name плдщхэж.юрббдлююбо: #REF!
Name площадки: #REF!
Name пос: #REF!
Name прав: #REF!
Name прлппппппппппппппрррррррр: #REF!
Name провбп: #REF!
Name проект: #REF!
Name пропппп: #REF!
Name рпоолллллбрюююююююююююю: #REF!
Name сааповвыыыыыеееееггггггггг: #REF!

Sheet 145-1
A1: СОГЛАСОВАНО: | J1: УТВЕРЖДАЮ:
A3: ________________ | J3: ________________
A4: " _____ " ________________ 2014 г. | J4: "______ " _______________2014 г.
D5: ФГУП "Комбинат "Электрохимприбор"
E6: (наименование стройки)
D8: ЛОКАЛЬНЫЙ СМЕТНЫЙ РАСЧЕТ № 145/1
D9: (локальная смета)
B11: на | C11: монтаж и пуско-наладку системы IP-видеонаблюдения базы АСФ
E12: (наименование работ и затрат, наименование объекта)
C14: Основание: Техническое решение № 033-40/24 от 25.02.2014
C15: Сметная стоимость _______________________________________________________________________________________________ | E15: ___________________________1110692 | G15: руб.
C16: монтажных работ _______________________________________________________________________________________________ | E16: _______________________________________________________________________________________________533745 | G16: руб.
C17: прочих _______________________________________________________________________________________________ | E17: _______________________________________________________________________________________________52725 | G17: руб.
C18: оборудования _______________________________________________________________________________________________ | E18: _______________________________________________________________________________________________354794 | G18: руб.
C19: Средства на оплату труда _______________________________________________________________________________________________ | E19: ___________________________16809 | G19: руб.
C20: Сметная трудоемкость _______________________________________________________________________________________________ | E20: _______________________________________________________________________________________________812,6 | G20: чел.час
C21: Составлен(а) в базовых ценах 2001г. (в ред. 2009г.) с переводом в текущие
A23: № пп | B23: Обоснование | C23: Наименование | D23: Ед. изм. | E23: Кол. | F23: Стоимость единицы, руб. | J23: Общая стоимость, руб.
F24: Всего | G24: В том числе | J24: Всего | K24: В том числе
G25: Осн.З/п | H25: Эк.Маш. | I25: З/пМех | K25: Осн.З/п | L25: Эк.Маш. | M25: З/пМех
A26: 1 | B26: 2 | C26: 3 | D26: 4 | E26: 5 | F26: 6 | G26: 7 | H26: 8 | I26: 9 | J26: 10 | K26: 11 | L26: 12 | M26: 13
A27: Раздел 1. МОНТАЖНЫЕ РАБОТЫ.
A28: 1 | B28: ТЕРм10-02-016-06 Постан.Правит.Свердл.обл. от 10.11.10 №1616-ПП | C28: Отдельно устанавливаемый преобразователь или блок питания | D28: 1 шт. | E28: 4 | F28: 256.7 | G28: 157.76 | H28: 33.83 | I28: 6.87 | J28: 1027 | K28: 631 | L28: 135 | M28: 27
A29: 2 | B29: ТЕРм10-04-087-14 Постан.Правит.Свердл.обл. от 10.11.10 №1616-ПП | C29: Устройство цифровой регистрации | D29: 1 устройство | E29: 2 | F29: 117.45 | G29: 102.24 | J29: 235 | K29: 204
A30: 3 | B30: ТЕРм10-09-001-02 Постан.Правит.Свердл.обл. от 10.11.10 №1616-ПП | C30: Камера видеонаблюдения | D30: 1 компл. | E30: 12 | F30: 282.03 | G30: 218.85 | J30: 3384 | K30: 2626
A31: 4 | B31: ТЕРм08-02-149-01 Постан.Правит.Свердл.обл. от 10.11.10 №1616-ПП | C31: Кабель до 35 кВ, подвешиваемый на тросе, масса 1 м кабеля до 1 кг | D31: 100 м кабеля | E31: 10.4 | F31: 4535.61 | G31: 231.71 | H31: 2581.44 | I31: 295.76 | J31: 47170 | K31: 2410 | L31: 26847 | M31: 3076
A32: 5 | B32: ТЕРм10-04-066-06 Постан.Правит.Свердл.обл. от 10.11.10 №1616-ПП | C32: Табло сигнальное студийное или коридорное | D32: 1 шт. | E32: 2 | F32: 98.76 | G32: 74.88 | J32: 198 | K32: 150
A33: 6 | B33: ТЕРм10-06-068-16 Постан.Правит.Свердл.обл. от 10.11.10 №1616-ПП | C33: Настройка простых сетевых трактов программирование сетевого элемента и отладка его работы (мультиплексор, регенератор) | D33: 1 сетевой элемент | E33: 2 | F33: 425.14 | G33: 416.8 | J33: 850 | K33: 834
A34: 7 | B34: ТЕРм10-04-089-01 Постан.Правит.Свердл.обл. от 10.11.10 №1616-ПП | C34: Разделка ВЧ коаксиального кабеля со сплошной изоляцией в разъемы типов БТС, РТС, СР, БС, РС, РД | D34: 10 концов кабеля | E34: 3.4 | F34: 163.77 | G34: 156.2 | J34: 557 | K34: 531
A35: 8 | B35: ТЕРм08-03-591-12 Постан.Правит.Свердл.обл. от 10.11.10 №1616-ПП | C35: Блок розеток | D35: 100 шт. | E35: 0.04 | F35: 1151.02 | G35: 969.52 | H35: 20.46 | I35: 1.27 | J35: 46 | K35: 39 | L35: 1
A36: 9 | B36: ТЕРм10-08-019-01 Постан.Правит.Свердл.обл. от 10.11.10 №1616-ПП | C36: Коробка ответвительная на стене | D36: 1 шт. | E36: 12 | F36: 7.32 | G36: 6.88 | J36: 88 | K36: 83
A37: 10 | B37: ТЕРм10-08-001-11 Постан.Правит.Свердл.обл. от 10.11.10 №1616-ПП | C37: Устройства промежуточные на количество лучей 10 | D37: 1 шт. | E37: 2 | F37: 218.26 | G37: 204.26 | H37: 0.37 | J37: 437 | K37: 409 | L37: 1
A38: 11 | B38: ТЕРм10-08-001-12 Постан.Правит.Свердл.обл. от 10.11.10 №1616-ПП | C38: Устройства промежуточные на количество лучей 5 | D38: 1 шт. | E38: 1 | F38: 126.21 | G38: 116.72 | H38: 0.37 | J38: 126 | K38: 117
A39: 12 | B39: ТЕРм10-08-001-13 Постан.Правит.Свердл.обл. от 10.11.10 №1616-ПП | C39: Устройства промежуточные на количество лучей 1 | D39: 1 шт. | E39: 4 | F39: 64.92 | G39: 57.52 | H39: 0.37 | J39: 260 | K39: 230 | L39: 1
A40: 13 | B40: ФЕРм08-02-390-01 Изм. Прик.Минрег. от 21.12.10 №747 | C40: Короба пластмассовые: шириной до 40 мм КОЭФ. К ПОЗИЦИИ: Приведение расценок ФЕР к территориальному уровню (Письмо УРЦЦС Ц-297 от 12.04.2011) ОЗП=1,41; ЭМ=1,242; ЗПМ=1,41; МАТ=1,052 | D40: 100 м | E40: 0.1 | F40: 311.4 | G40: 218.44 | H40: 38.75 | I40: 0.17 | J40: 31 | K40: 22 | L40: 4
A41: 14 | B41: ТЕРм08-02-399-01 Постан.Правит.Свердл.обл. от 10.11.10 №1616-ПП | C41: Провод в коробах, сечением до 6 мм2 | D41: 100 м | E41: 1 | F41: 189.23 | G41: 46.64 | H41: 56.09 | I41: 24.55 | J41: 189 | K41: 47 | L41: 56 | M41: 25
A42: 15 | B42: ТЕРм08-04-744-01 Постан.Правит.Свердл.обл. от 10.11.10 №1616-ПП | C42: Кабель силовой с креплением в местах изменения трассы, масса 1 м кабеля до 1 кг | D42: 100 м | E42: 0.6 | F42: 725.73 | G42: 578.59 | H42: 28.82 | I42: 2.45 | J42: 435 | K42: 347 | L42: 17 | M42: 1
A43: 16 | B43: ТЕРм08-03-526-01 Постан.Правит.Свердл.обл. от 10.11.10 №1616-ПП | C43: Автомат одно-, двух-, трехполюсный, устанавливаемый на конструкции на стене или колонне, на ток до 25 А | D43: 1 шт. | E43: 4 | F43: 174.77 | G43: 20.9 | H43: 1.28 | J43: 699 | K43: 84 | L43: 5
A44: 17 | B44: ТЕРм10-06-037-05 Постан.Правит.Свердл.обл. от 10.11.10 №1616-ПП | C44: Шкаф настенный, размер до 640х840 мм | D44: 1 шт. | E44: 2 | F44: 121.87 | G44: 26.33 | H44: 2.39 | J44: 244 | K44: 53 | L44: 5
A45: 18 | B45: ТЕРм10-06-037-01 Постан.Правит.Свердл.обл. от 10.11.10 №1616-ПП | C45: Шкаф напольный, размер до 600х600 мм | D45: 1 шт. | E45: 1 | F45: 81.04 | G45: 23.71 | H45: 2.39 | J45: 81 | K45: 24 | L45: 2
A46: Раздел 2. Пусконаладочные работы
A47: 19 | B47: ТЕРп02-01-001-05 Постан.Правит.Свердл.обл. от 10.11.10 №1616-ПП | C47: Автоматизированная система управления I категории технической сложности с количеством каналов (Кобщ) 20 КОЭФ. К ПОЗИЦИИ: Пусконаладочные работы: 'вхолостую' - 80% ОЗП=0,8; ТЗ=0,8 | D47: 1 система | E47: 1 | F47: 2045.9 | G47: 2045.9 | J47: 2046 | K47: 2046
A48: Раздел 3. Материалы, не учтенные в расценках
A49: Материалы
A50: 20 | B50: ТСЦ-501-8235 Постан.Правит.Свердл.обл. от 10.11.10 №1616-ПП | C50: Кабель силовой с медными жилами с поливинилхлоридной изоляцией в поливинилхлоридной оболочке без защитного покрова ВВГ, напряжением 1,00 Кв, число жил 3 и сечением 1,5 мм2 | D50: 1000 м | E50: 0.06 | F50: 7745.6 | J50: 465
A51: 21 | B51: ТСЦ-509-0152 Постан.Правит.Свердл.обл. от 10.11.10 №1616-ПП | C51: Выключатели автоматические АП50Б 2МТ У3 I-63А | D51: шт. | E51: 4 | F51: 41.72 | J51: 167
A52: 22 | B52: ФССЦ-509-1843 И2-Пр. Минрегион от 15.12.10 №656 | C52: Кабель-канал (короб) "Legrand" 40х20 мм КОЭФ. К ПОЗИЦИИ: Приведение расценок ФЕР к территориальному уровню (Письмо УРЦЦС Ц-297 от 12.04.2011) ОЗП=1,41; ЭМ=1,242; ЗПМ=1,41; МАТ=1,052 | D52: м | E52: 10 | F52: 30.1 | J52: 301
A53: 23 | B53: Цена поставщика | C53: Кабель FTP Outdoor Konoos кат.5e МЕДЬ одножильный AWG24, экран, внешний с тросом Цена: 22,62/1,18/5,98*1,02 | D53: м | E53: 840 | F53: 3.27 | J53: 2747
A54: 24 | B54: Цена поставщика | C54: Кабель оптический SNR-FOCA-UT1-04 Цена: 12500/1,18/5,98*1,02 | D54: км | E54: 0.3 | F54: 1806.87 | J54: 542
A55: 25 | B55: Цена поставщика | C55: Коробка разв.откр. 85х85х40мм IP55 ОУ 6ввод. пласт.серая HEGEL Цена: 180/1,18/5,98*1,02 | D55: шт | E55: 12 | F55: 26.02 | J55: 312
A56: 26 | B56: Цена поставщика | C56: Блок розеток 8 гнезд, 19" (220V. 3500Вт) Цена: 1380/1,18/5,98*1,02 | D56: шт | E56: 4 | F56: 199.48 | J56: 798
A57: 27 | B57: Цена поставщика | C57: Коннектор RJ-45 Цена: 5,0/1,18/5,98*1,02 | D57: шт | E57: 34 | F57: 0.72 | J57: 24
A58: 28 | B58: Цена поставщика | C58: Полка перфорированная, глубина 580мм , Цена: 780/1,18/5,98*1,02 | D58: шт | E58: 1 | F58: 112.75 | J58: 113
A59: Оборудование
A60: 29 | B60: Цена поставщика | C60: RVi-IPN16/2Pro - видеорегистратор для IP-камер, Цена: 22000/1,18/4,21*1,012 | D60: шт | E60: 1 | F60: 4481.66 | J60: 4482
A61: 30 | B61: Цена поставщика | C61: Жесткий диск Toshiba SATA-III 3TB DT01ACA300 (7200rpm) 64Mb 3.5" , Цена: 4300/1,18/4,21*1,012 | D61: шт | E61: 2 | F61: 875.96 | J61: 1752
A62: 31 | B62: Цена поставщика | C62: Коммутатор HP V1910-24G-PoE, Цена: 19900/1,18/4,21*1,012 | D62: шт | E62: 2 | F62: 4053.87 | J62: 8108
A63: 32 | B63: Цена поставщика | C63: RVi-IPC43WDN 1/3" КМОП-матрица Aptina, 3.1 мегапиксельная, формат сжатия Н.264/MJPEG; функция расширенного динамического диапазона WDR 100дБ; макс. разрешение и скорость трансляции 2048х1536 (20 к/с) или 1920x1080 (25 к/с), Видеопотоки с независимыми настройками : 3 (Н. 264: 2048Х1536 (20 к/с), 640х360 (25 к/с)/MJPEG 2048х1536 (4 к/с)), нижний порог чувствительности 0.05 лк@ F1.2 цвет/0,005 лк@F1.2 ч/б/ 0 лк(ИК вкл.) Вариофокальный объектив 3.3-12мм с АРД и ИК-коррекцией, Режим "День-ночь" Механический ИК-фильтр , ИК-подсветки до 30 метров Запись на Micro SD/SDHC карту до 32 Гб. Соответствие стандартам ONVIF.Класс защиты IP66. Диапазон рабочих температур -40...+50 С. Питание РоЕ/DC12 B; Габаритные размеры - диаметр 69х265 мм В комплекте бесплатное ПО RVi-NVMS, Цена: 22000/1,18/4,21*1,012 | D63: шт | E63: 12 | F63: 4481.66 | J63: 53780
A64: 33 | B64: Цена поставщика | C64: Монитор 24" Acer G246HLAbd Black FullHD LED 5ms 16:9,DVI 100M:1 250cd , Цена: 7200/1,18/4,21*1,012 | D64: шт | E64: 2 | F64: 1466.73 | J64: 2933
A65: 34 | B65: Цена поставщика | C65: Бесперебойный блок ES-525VA, Цена: 3700/1,18/4,21*1,012 | D65: шт | E65: 4 | F65: 753.73 | J65: 3015
A66: 35 | B66: Цена поставщика | C66: Медиаконвертер 10/100/1000-Base-T / 1000Base-FX с SFP-портом, 4шт. в упаковке , Цена: 3700/1,18/4,21*1,012 | D66: шт | E66: 1 | F66: 753.73 | J66: 754
A67: 36 | B67: Цена поставщика | C67: Клиентский терминал GR-T1, Цена: 13610/1,18/4,21*1,012 | D67: шт | E67: 1 | F67: 2772.52 | J67: 2773
A68: 37 | B68: Цена поставщика | C68: Модуль SFP WDM 3км 1550nm, SC connector , Цена: 610/1,18/4,21*1,012 | D68: шт | E68: 2 | F68: 124.26 | J68: 249
A69: 38 | B69: Цена поставщика | C69: Модуль SFP WDM 3км 13100nm, SC connector , Цена: 610/1,18/4,21*1,012 | D69: шт | E69: 2 | F69: 124.26 | J69: 249
A70: 39 | B70: Цена поставщика | C70: Коммутатор PОE-3104, Цена: 3132/1,18/4,21*1,012 | D70: шт | E70: 1 | F70: 638.03 | J70: 638
A71: 40 | B71: Цена поставщика | C71: Комплект A4 7700N, wireless USB, Беспроводная эргономичная клавиатура + Беспроводная оптическая мышь, Цена: 1200/1,18/4,21*1,012 | D71: шт | E71: 2 | F71: 244.45 | J71: 489
... A73: 42 | B73: Цена поставщика | C73: Шкаф телекомм. настенный разборный 12U ЦМО (600х650) съёмные стенки, дверь стекло , Цена: 7800/1,18/4,21*1,012 | D73: шт | E73: 1 | F73: 1588.95 | J73: 1589
A74: Итого прямые затраты по смете в ценах 2001г. | J74: 147846 | K74: 10887 | L74: 27074 | M74: 3129
A75: Итого прямые затраты по смете с учетом коэффициентов к итогам | J75: 154231 | K75: 13057 | L75: 31289 | M75: 3752
A76: В том числе, справочно:
A77: Районный к-т 4,3% (Поз. 1, 3, 6, 9-12, 2, 5, 7, 4, 8, 13-19) | J77: 602 | K77: 468 | L77: 135 | M77: 135
A78: 3. Производство строительных и других работ в существующих зданиях и сооружениях в стесненных условиях: с наличием в зоне производства работ действующего технологического оборудования (станков, установок, кранов и т.п.) или загромождающих предметов (лабораторное оборудование, мебель и т.п.) или движения транспорта по внутрицеховым путям ОЗП=1,15; ЭМ=1,15; ЗПМ=1,15; ТЗ=1,15; ТЗМ=1,15 (Поз. 1, 3, 6, 9-12, 2, 5, 7, 4, 8, 13-19) | J78: 5783 | K78: 1703 | L78: 4081 | M78: 489
A79: Накладные расходы | J79: 14313
A80: В том числе, справочно:
A81: 65% ФОТ (от 2454) (Поз. 19) | J81: 1595
A82: 80% ФОТ (от 5945) (Поз. 1, 3, 6, 9-12) | J82: 4756
A83: 92% ФОТ (от 1061) (Поз. 2, 5, 7) | J83: 976
A84: 95% ФОТ (от 7257) (Поз. 4, 8, 13-16) | J84: 6894
A85: 100% ФОТ (от 92) (Поз. 17-18) | J85: 92
A86: Сметная прибыль | J86: 10016
A87: В том числе, справочно:
A88: 40% ФОТ (от 2454) (Поз. 19) | J88: 982
A89: 60% ФОТ (от 5945) (Поз. 1, 3, 6, 9-12) | J89: 3567
A90: 65% ФОТ (от 8410) (Поз. 2, 5, 7, 4, 8, 13-18) | J90: 5467
A91: Итоги по смете:
A92: Итоги по Монтажным работам
A93: Итого | J93: 89255
A94: Всего с учетом " СМР=5,98" | J94: 533745
A95: Итоги по Оборудованию
A96: Итого | J96: 84274
A97: Всего с учетом " ОБ=4,21" | J97: 354794
A98: Итоги по Прочим затратам
A99: Пусконаладочные работы: 'вхолостую' - 80% | J99: 5031
A100: Всего с учетом " ПНР=10,48" | J100: 52725
A101: Итого | J101: 941264
A102: НДС 18% | J102: 169428
A103: ВСЕГО по смете | J103: 1110692
A107: Составил: _________________________________________________________________
A108: (должность, подпись, расшифровка)
A110: Проверил: _________________________________________________________________
...

Sheet СМР
A1: Расчет начальной (максимальной) цены на
A2: монтажные и пусконаладочные работы системы IP-видеонаблюдения базы АСФ
A4: Наименование глав ССР, объектный сметных расчетов, локальных сметных расчетов, видов прочих работ | B4: Сметная стоимость строительства в базисном уровне цен на 01.01.2000г. по ССР | F4: Остаток сметной стоимости в базисном уровне цен на 01.01.2014 | J4: Сметная стоимость строительства в базисном уровне цен на 01.01.2000г., выставленная на конкурс | N4: Текущая стоимость на момент определения начальной (максимальной) цены | O4: № обосновывающего расчета | P4: 2014 год
B5: Всего | C5: СМР | D5: Оборудование | E5: Прочие | F5: Всего | G5: СМР | H5: Оборудование | I5: Прочие | J5: Всего | K5: СМР | L5: Оборудование | M5: Прочие | P5: СМР | Q5: Оборудование | R5: Прочие
A6: 1 | B6: 2 | C6: 3 | D6: 4 | E6: 5 | F6: 6 | G6: 7 | H6: 8 | I6: 9 | J6: 10 | K6: 11 | L6: 12 | M6: 13 | N6: 14 | O6: 15 | P6: 16 | Q6: 17 | R6: 18
A7: Монтаж и пусконаладка системы IP-видеонаблюдения базы АСФ | B7: =SUM(C7:E7) -> 178560 | C7: ='145-1'!J93 -> 89255 | D7: ='145-1'!J96 -> 84274 | E7: ='145-1'!J99 -> 5031 | F7: =SUM(G7:I7) -> 178560 | G7: =C7 -> 89255 | H7: =D7 -> 84274 | I7: =E7 -> 5031 | J7: =SUM(K7:M7) -> 178560 | K7: =P7 -> 89255 | L7: =Q7 -> 84274 | M7: =R7 -> 5031 | O7: 145/1 | P7: =G7 -> 89255 | Q7: =H7 -> 84274 | R7: =I7 -> 5031
A8: Итого в ценах 2000 года: | B8: =SUM(B7:B7) -> 178560 | C8: =SUM(C7:C7) -> 89255 | D8: =SUM(D7:D7) -> 84274 | E8: =SUM(E7:E7) -> 5031 | F8: =SUM(F7:F7) -> 178560 | G8: =SUM(G7:G7) -> 89255 | H8: =SUM(H7:H7) -> 84274 | I8: =SUM(I7:I7) -> 5031 | ... M8: =SUM(M7:M7) -> 5031 | N8: =SUM(P8:R8) -> 178560 | P8: =SUM(P7:P7) -> 89255 | Q8: =SUM(Q7:Q7) -> 84274 | R8: =SUM(R7:R7) -> 5031
A9: Итого в текущих ценах*: | N9: =SUM(P9:R9) -> 878812 | P9: =ROUND(P8*5.73,0) -> 511431 | Q9: =ROUND(Q8*3.76,0) -> 316870 | R9: =ROUND(R8*10.04,0) -> 50511
A10: НДС 18% | N10: =SUM(P10:R10) -> 158186.16 | P10: =ROUND(P9*18%,2) -> 92057.58 | Q10: =ROUND(Q9*18%,2) -> 57036.6 | R10: =ROUND(R9*18%,2) -> 9091.98
A11: Всего: | N11: =SUM(P11:R11) -> 1036998.2 | P11: =SUM(P9:P10) -> 603488.58 | Q11: =SUM(Q9:Q10) -> 373906.6 | R11: =SUM(R9:R10) -> 59602.98
P12: 60000000
A13: * В расчете использованы индексы: | Q13: =P12-P11 -> 59396511
A14: - 10,04 индекс изменения сметной стоимости прочих затрат к ТЕР 2001 (письмо Минстроя России от 04.08.2014 №15285-ЕС/08 приложение 1, пусконаладочные работы).
A15: - 5,73 индекс изменения сметной стоимости СМР к ТЕР 2001 (письмо Минстроя России от 04.08.2014 №15285-ЕС/08 приложение 1, прочие работы).
A16: - 3,76 индекс изменения сметной стоимости оборудования к ТЕР 2001 (письмо Минстроя России от 04.08.2014 №15285-ЕС/08 приложение 5, экономика в целом).
A18: Начальник отдела капитального строительства
A19: ФГУП "Комбинат "Электрохимприбор" | H19: В.В. Моляков
A21: Инженер по проектно-сметной работе | H21: Н.А. Басова
A23: Согласовано | H23: отд. 028

Sheet НМЦ договора
A8: Определение начальной (максимальной) цены договора генерального подряда
A9: на монтажные и пусконаладочные работы системы IP-видеонаблюдения базы АСФ
A10: на 2014 год
A11: Способ закупки: открытый запрос предложений.
G13: ц.2000г./текущие цены, руб.
A14: Наименование услуг и работ (затрат) | C14: Сметная стоимость строительства в базисном уровне цен на 01.01.2000 г. | D14: Сметная стоимость строительства в текущем уровне цен, пересчитанная на момент проведения процедуры закупки | F14: Начальная (максимальная) цена | G14: в том числе по годам строительства
G17: 2014 г.
A21: 1 | C21: 2 | D21: 3 | F21: 4 | G21: 5
A22: СМР | C22: =СМР!K8 -> 89255 | D22: =F22 -> 511431 | F22: =G22 -> 511431 | G22: =СМР!P9 -> 511431
A23: Оборудование | C23: =СМР!L8 -> 84274 | D23: =F23 -> 316870 | F23: =G23 -> 316870 | G23: =СМР!Q9 -> 316870
A24: Прочие затраты | C24: =СМР!M8 -> 5031 | D24: =F24 -> 50511 | F24: =G24 -> 50511 | G24: =СМР!R9 -> 50511
A25: Всего: | C25: =SUM(C22:C24) -> 178560 | D25: =F25 -> 878812 | F25: =G25 -> 878812 | G25: =SUM(G22:G24) -> 878812
A26: НДС | D26: =F26 -> 158186.16 | F26: =G26 -> 158186.16 | G26: =СМР!P10+СМР!Q10+СМР!R10 -> 158186.16
A27: Итого с НДС | D27: =F27 -> 1036998.2 | F27: =G27 -> 1036998.2 | G27: =СМР!P11+СМР!Q11+СМР!R11 -> 1036998.2
A29: В расчете использованы индексы:
A31: - 5,73 индекс изменения сметной стоимости СМР к ТЕР 2001 (письмо Минстроя России от 04.08.2014 №15285-ЕС/08 приложение 1, прочие работы). - 3,76 индекс изменения сметной стоимости оборудования к ТЕР 2001 (письмо Минстроя России от 04.08.2014 №15285-ЕС/08 приложение 5, экономика в целом). - 10,04 индекс изменения сметной стоимости прочих затрат к ТЕР 2001 (письмо Минстроя России от 04.08.2014 №15285-ЕС/08 приложение 1, пусконаладочные работы).
A33: Начальник отдела капитального строительства
A34: ФГУП "Комбинат "Электрохимприбор" | G34: В.В. Моляков
A36: Инженер по проектно-сметной работе | G36: Н.А. Басова
A38: Согласовано | G38: отд. 028
